 Dungeon Crawl Stone Soup version 0.26-a0-664-gc8b27b8fc1 (webtiles) character file.

Game seed: 1275461744736147055

523377 Birvald the Earth Mage (level 25, -13/157 HPs)
             Began as a Gargoyle Earth Elementalist on Oct 11, 2020.
             Was the Champion of Vehumet.
             Mangled by Juwkui's ghost (22 damage)
             ... on level 2 of the Crypt on Oct 13, 2020.
             The game lasted 03:20:34 (67221 turns).

Birvald the Earth Mage (GrEE)                      Turns: 67221, Time: 03:20:35

Health: -13/157    AC: 32    Str: 19    XL:     25   Next: 37%
Magic:  4/41       EV: 18    Int: 40    God:    Vehumet [******]
Gold:   3021       SH:  0    Dex: 10    Spells: 7/53 levels left

rFire    + + +     SeeInvis +   w - +7 demon whip (drain)
rCold    + . .     Faith    .   (no shield)
rNeg     + . .     Spirit   .   h - +2 robe {rC+ rF+}
rPois    ∞         Reflect  .   R - +2 helmet
rElec    +         Harm     .   S - scarf {+Inv}
rCorr    .         Rampage  .   s - +1 pair of gloves of Yrois {rF+}
MR       +++..                  Y - +2 pair of boots {Fly}
Stlth    +++.......             N - amulet of magic regeneration
HPRegen  0.36/turn              L - ring "Quhish" {rF+ MR+ Int+6 SInv Stlth+}
MPRegen  0.52/turn              u - ring of Uracos {rF+ MR+ Str+6 Int+7}

@: flying, studying Dodging
A: big wings, mutation resistance 1, negative energy resistance 1, electricity
resistance, unbreathing, petrification resistance, rot immunity, AC +19
}: 3/15 runes: decaying, silver, gossamer
a: Stop Flying, Renounce Religion, Evoke Invisibility


You were on level 2 of the Crypt.
You worshipped Vehumet.
Vehumet was exalted by your worship.
You visited 9 branches of the dungeon, and saw 43 of its levels.
You visited 1 bazaar.
You also visited: Bailey, Ice Cave, Volcano and Desolation.

You collected 5938 gold pieces.
You spent 2917 gold pieces at shops.

Inventory:

Hand Weapons
 w - a +7 demon whip of draining (weapon)
 E - the +4 morningstar of Nelyiq {vorpal, Dex+7}
   (You took it off a deep elf death mage on level 3 of the Elven Halls)

   It inflicts extra damage upon your enemies.
   It affects your dexterity (+7).
 V - a +4 demon whip of freezing
Armour
 e - a +2 cloak of preservation
 h - a +2 robe of resistance (worn)
 s - the +1 pair of gloves of Yrois (worn) {rF+}
   (You found it on level 1 of the Vaults)

   It protects you from fire.
 R - a +2 helmet (worn)
 S - a scarf of invisibility (worn)
 Y - a +2 pair of boots of flying (worn)
Jewellery
 b - the ring of the Coward {rN+ Int+6 Dex+2 SInv}
   (You found it in the Desolation of Salt)

   [ring of intelligence]

   It affects your intelligence (+6).
   It affects your dexterity (+2).
   It protects you from negative energy.
   It lets you see invisible.
 n - the ring "Wicviah" {MR- EV+4 Str-4 Int+8 Slay+4}
   (You found it in the Desolation of Salt)

   [ring of evasion]

   It affects your evasion (+4).
   It affects your strength (-4).
   It affects your intelligence (+8).
   It affects your accuracy and damage with ranged weapons and melee attacks
   (+4).
   It affects your resistance to hostile enchantments.
 u - the ring of Uracos (right hand) {rF+ MR+ Str+6 Int+7}
   (You found it on level 5 of the Vaults)

   [ring of strength]

   It affects your strength (+6).
   It affects your intelligence (+7).
   It protects you from fire.
   It affects your resistance to hostile enchantments.
 F - an uncursed ring of protection from cold
 L - the ring "Quhish" (left hand) {rF+ MR+ Int+6 SInv Stlth+}
   (You acquired it on level 14 of the Dungeon)

   [ring of intelligence]

   It affects your intelligence (+6).
   It protects you from fire.
   It affects your resistance to hostile enchantments.
   It lets you see invisible.
   It makes you more stealthy.
 N - an amulet of magic regeneration (around neck)
 W - an uncursed ring of wizardry
Wands
 q - a wand of disintegration (26)
 B - a wand of acid (31)
 H - a wand of digging (19)
 J - a wand of enslavement (10)
 O - a wand of paralysis (39)
 Q - a wand of polymorph (31)
 U - a wand of iceblast (2)
Scrolls
 l - a scroll of summoning
 m - 21 scrolls of remove curse
 p - 2 scrolls of magic mapping
 t - 13 scrolls of teleportation
 v - 3 scrolls of fear
 y - 5 scrolls of amnesia
 A - 17 scrolls of identify
 K - 2 scrolls of immolation
 X - 3 scrolls of fog
Potions
 c - 2 potions of brilliance
 d - 15 potions of might
 f - 2 potions of lignification
 i - 2 potions of ambrosia
 j - 4 potions of resistance
 k - 11 potions of stabbing
 o - 24 potions of curing
 x - 7 potions of haste
 z - 3 potions of cancellation
 C - a potion of magic
 G - 7 potions of berserk rage
 Z - 3 potions of mutation
Books
 I - a manual of Dodging
Miscellaneous
 a - a lightning rod (4/4)
 r - a tin of tremorstones (3/3)
 D - a phial of floods
 M - a phantom mirror
 P - a condenser vane (1/2)


   Skills:
 + Level 15.8 Fighting
 + Level 14.7 Maces & Flails
 - Level 6.0 Armour
 + Level 13.8 Dodging
 - Level 2.1 Stealth
 + Level 14.6 Spellcasting
 + Level 16.6 Conjurations
   Level 0.7 Transmutations
 * Level 20.0 Fire Magic
 + Level 20.4 Earth Magic
 - Level 10.0 Evocations


You had 7 spell levels left.
You knew the following spells:

 Your Spells              Type           Power        Failure   Level
a - Shatter               Erth           ########..   7%          9
b - Stone Arrow           Conj/Erth      ######       0%          3
c - Lee's Rapid Deconstr  Erth           ########..   0%          5
d - Iron Shot             Conj/Erth      ########..   1%          6
f - Fire Storm            Conj/Fire      ########..   16%         9
g - Ignition              Fire           ########..   1%          8
h - Starburst             Conj/Fire      ########..   1%          6

Your spell library contained the following spells:

 Spells                   Type           Power        Failure   Level
 Lehudib's Crystal Spear  Conj/Erth      ########..   1%          8
 Tornado                  Air            ####......   100%        9
 Magic Dart               Conj           ####         0%          1
 Sandblast                Erth           ######       0%          1
 Sticky Flame             Conj/Fire      ########     0%          4
 Bolt of Magma            Conj/Fire/Erth ########..   0%          5
 Fireball                 Conj/Fire      ########..   0%          5
 Animate Skeleton         Necr           ####..       1%          1
 Apportation              Tloc           ####..       1%          1
 Corona                   Hex            ####...      1%          1
 Freeze                   Ice            ####         1%          1
 Pain                     Necr           ####         1%          1
 Shock                    Conj/Air       ####         1%          1
 Sting                    Tmut/Pois      ####         1%          1
 Summon Small Mammal      Summ           ####         1%          1
 Call Imp                 Summ           ####....     1%          2
 Corpse Rot               Necr/Air       N/A          1%          2
 Passwall                 Tmut/Erth      #######.     1%          2
 Poisonous Vapours        Pois/Air       ####..       1%          2
 Swiftness                Air            ####....     1%          2
 Frozen Ramparts          Ice            ####..       1%          3
 Ignite Poison            Fire/Tmut/Pois ######..     1%          3
 Inner Flame              Hex/Fire       #######.     1%          3
 Mephitic Cloud           Conj/Pois/Air  ######..     1%          3
 Static Discharge         Conj/Air       #######.     1%          3
 Hailstorm                Conj/Ice       #######.     1%          4
 Leda's Liquefaction      Hex/Erth       #######...   1%          4
 Petrify                  Tmut/Erth      #######.     1%          4
 Borgnjor's Vile Clutch   Necr/Erth      #######...   1%          5
 Irradiate                Conj/Tmut      #######...   1%          5
 Iskenderun's Battlesphe  Conj           ########     1%          5
 Lightning Bolt           Conj/Air       #######...   1%          5
 Orb of Destruction       Conj           ########..   1%          7
 Call Canine Familiar     Summ           ####....     3%          3
 Gell's Gravitas          Tloc           ####......   3%          3
 Ozocubu's Armour         Ice            ####....     3%          3
 Portal Projectile        Hex/Tloc       ####..       3%          3
 Summon Guardian Golem    Hex/Summ       ####....     3%          3
 Teleport Other           Tloc           ####....     3%          3
 Airstrike                Air            ####......   3%          4
 Olgreb's Toxic Radiance  Pois           ####....     3%          4
 Yara's Violent Unravell  Hex/Tmut       ####......   7%          5
 Spellforged Servitor     Conj/Summ      #######...   9%          7
 Ice Form                 Ice/Tmut       ####....     10%         4
 Animate Dead             Necr           ####......   11%         4
 Summon Ice Beast         Ice/Summ       ####....     11%         4
 Summon Lightning Spire   Summ/Air       ####....     11%         4
 Alistair's Intoxication  Tmut/Pois      ####.....    26%         5
 Agony                    Necr           ####....     30%         5
 Excruciating Wounds      Necr           ####......   30%         5
 Metabolic Englaciation   Hex/Ice        ####......   30%         5
 Silence                  Hex/Air        ####......   30%         5
 Summon Demon             Summ           ####......   30%         5
 Summon Forest            Summ/Tloc      ####......   30%         5
 Summon Mana Viper        Hex/Summ       ####....     30%         5
 Hydra Form               Tmut           #####.....   77%         6
 Eringya's Noxious Bog    Tmut/Pois      ####......   82%         6
 Death Channel            Necr           ####......   86%         6
 Dispersal                Tloc           ####......   86%         6
 Invisibility             Hex            ####....     86%         6
 Shadow Creatures         Summ           N/A          86%         6
 Simulacrum               Ice/Necr       ####......   86%         6
 Dragon Form              Tmut           #####.....   100%        7
 Summon Hydra             Summ           ####......   100%        7
 Chain Lightning          Conj/Air       #######...   50%         8
 Absolute Zero            Ice            ####......   100%        9
 Sublimation of Blood     Necr           Unusable     N/A         2
 Statue Form              Tmut/Erth      Unusable     N/A         6

Dungeon Overview and Level Annotations

Branches:
Dungeon (15/15)            Temple (1/1) D:5            Lair (6/6) D:8
  Swamp (4/4) Lair:4       Spider (4/4) Lair:4        Slime (0/5) Lair:5
    Orc (2/2) D:11            Elf (3/3) Orc:2        Vaults (5/5) D:13
  Crypt (3/3) Vaults:2       Tomb (0/3) Crypt:3      Depths (0/5) D:15
 Bailey (visited)           IceCv (visited)         Volcano (visited)
Desolation (visited)

Altars:
Ashenzari
Cheibriados
Dithmenos
Elyvilon
Fedhas
Gozag
Hepliaklqana
Kikubaaqudgha
Makhleb
Nemelex Xobeh
Okawaru
Qazlal
Ru
Sif Muna
Trog
Uskayaw
Vehumet
Wu Jian
Xom
Yredelemnul
Zin
The Shining One
Beogh
Jiyva

Shops:
D:4 }   D:10 ?   Orc:2 :[:*   Elf:1 :   Elf:2 ?

Portals:
Hell: Lair:6

Annotations:
D:12 1 runed translucent door, Vykige's ghost, journeyman DDFi
Elf:2 3 runed translucent doors
Crypt:2 Juwkui's ghost, veteran MiBe
Crypt:3 Xucumn's ghost, veteran GrFi; Zaowoih's ghost, veteran GrFi


Innate Abilities, Weirdness & Mutations

You are resistant to torment.
Your stone body is resilient. (AC +19)
You are immune to poison.
Your large and strong wings let you fly indefinitely.
You resist negative energy. (rN+)
You are resistant to electric shocks. (rElec)
You can survive without breathing.
You are immune to petrification.
You are immune to rotting.
You are somewhat resistant to further mutation.


Message History

Evoke which item? (* to show all) (? for menu, Esc to quit)
Aiming: Corrosive Bolt
Press: ? - help, Shift-Dir - straight line, f/p - Juwkui's ghost
Aim: Juwkui's ghost, wielding a vorpal weapon (almost destroyed)
The bolt of acid misses Juwkui's ghost.
Juwkui's ghost completely misses you.
Your flayed ghost hits Juwkui's ghost.
Your soul eater hits Juwkui's ghost but does no damage.
The vampire mage hits you!
* * * LOW HITPOINT WARNING * * *
The vampire mage bites you.
* * * LOW HITPOINT WARNING * * *
Evoke which item? (* to show all) (? for menu, Esc to quit)
Aiming: Corrosive Bolt
Press: ? - help, Shift-Dir - straight line, f/p - Juwkui's ghost
Aim: Juwkui's ghost, wielding a vorpal weapon (almost destroyed)
The bolt of acid hits Juwkui's ghost.
Juwkui's ghost is splashed with acid.
The acid corrodes Juwkui's ghost!
Juwkui's ghost is almost destroyed.
Juwkui's ghost hits you!!
You die...

...# #.......^..#.........# ...#
#....................# ...#
#....................# ...#
#....................#
...###....................#
....##....[...............#
.....#.....)..<...........#
.......[......[...........#
.......)).[.[.3.@.........#
....)..))......WWV.......##
.........[..............##
........................#
................>.......#
.........[..............#
........................#
........................#########
..............####...............


You could see a vampire mage (invisible), Juwkui's ghost (corroded), a friendly
soul eater (summoned) and a friendly flayed ghost (summoned).

Vanquished Creatures
  Khufu (Crypt:1)
  Mara (Vaults:3)
  Boris (Crypt:1)
  A greater mummy (Crypt:1)
  Bai Suzhen (Spider:4)
  Frederick (Vaults:4)
  Margery (Crypt:1)
  Xtahua (Vaults:2)
  2 golden dragons (Vaults:5)
  Nikola (Vaults:1)
  Jorgrun (Swamp:2)
  Rupert (Lair:6)
  5 tentacled monstrosities (Vaults:5)
  A deep elf blademaster (Elf:3)
  3 liches
  4 titans (Vaults:5)
  2 quicksilver dragons
  2 deep elf master archers (Elf:3)
  Gastronok (D:8)
  2 thorn hunters
  4 sphinxes
  An ancient champion (Crypt:2)
  A shadow dragon (Vaults:5)
  A storm dragon (Vaults:5)
  Donald (Orc:1)
  A revenant (Crypt:2)
  3 tengu reavers
  4 fire giants
  2 iron dragons (Vaults:5)
  3 orc warlords
  7 deep elf sorcerers
  19 vault wardens
  Aizul (Swamp:2)
  4 frost giants
  4 emperor scorpions
  3 ghost moths
  A curse skull (Crypt:1)
  10 deep elf elementalists
  10 ghouls
  4 very ugly things
  17 ironheart preservers
  The ghost of fritzmikael the Blocker, a journeyman TeFi of Vehumet (Swamp:3)
  4 entropy weavers
  13 stone giants
  4 vampire knights
  5 deep elf demonologists
  3 halazid warlocks (Desolation)
  A dire elephant (Lair:6)
  2 spark wasps (Spider:4)
  7 deep elf annihilators
  6 ettins
  2 green deaths (Swamp:4)
  3 eidola
  8 jiangshi
  A crystal guardian (Desolation)
  2 fire dragons
  2 death oozes (Swamp:4)
  5 ragged hierophants (Desolation)
  2 great orbs of eyes (Vaults:1)
  6 deep elf death magi
  11 ogre magi
  19 yaktaur captains
  Erolcha (D:9)
  10 deep elf high priests
  4 servants of whispers (Desolation)
  3 boulder beetles
  An ice dragon (Vaults:3)
  A ghost crab (Swamp:1)
  36 vault guards
  20 hydras
  3 rakshasas
  5 peacekeepers
  3 shambling mangroves
  A hell beast (Swamp:4)
  4 catoblepae
  4 centaur warriors
  4 death knights
  A satyr (shapeshifter) (Vaults:3)
  24 two-headed ogres
  15 dancing weapons
  14 alligators
  A queen ant (Lair:3)
  An anaconda (shapeshifter) (Elf:2)
  3 vampire magi
  Urug (D:13)
  A tengu warrior (D:14)
  2 thrashing horrors (Swamp:4)
  A deep troll shaman (Vaults:3)
  2 soul eaters
  7 orc high priests
  18 deep elf knights
  A sixfirhy (Lair:6)
  A sun demon (Volcano)
  Sonja (Lair:5)
  2 shadow wraiths
  24 skeletal warriors
  6 hell knights
  A golden dragon zombie (Vaults:5)
  2 spriggan druids (Swamp:4)
  2 unseen horrors
  5 flayed ghosts
  5 deep trolls
  17 deep elf archers
  7 swamp dragons
  A deep troll (shapeshifter) (Elf:2)
  2 glowing orange brains
  A golden dragon skeleton (Crypt:2)
  18 ironbrand convokers
  53 deep elf magi
  An orange crystal statue (Elf:3)
  A harpy (shapeshifter) (D:13)
  5 wizards
  A lindwurm (shapeshifter) (Vaults:1)
  3 necromancers
  9 phantasmal warriors
  Pikel (D:9)
  5 harpies (Vaults:3)
  24 orc knights
  A shadow dragon skeleton (Crypt:3)
  4 orc sorcerers
  28 ugly things
  A tengu skeleton (Vaults:2)
  6 cyclopes
  40 wolf spiders
  18 orb spiders
  A frost giant zombie (Vaults:4)
  3 manticores
  A manticore (shapeshifter) (Vaults:4)
  2 ice statues (IceCv)
  2 fire giant skeletons (Vaults:2)
  3 moths of wrath
  6 black mambas
  11 vault sentinels
  2 centaur zombies
  5 elephants (Lair:5)
  6 orange demons
  4 guardian serpents (Desolation)
  2 stone giant skeletons (Vaults:2)
  2 torpor snails
  2 molten gargoyles (Volcano)
  2 gargoyles
  28 cane toads
  A smoke demon (Lair:6)
  2 hellions (Crypt:1)
  An elf zombie (Vaults:5)
  2 kobold demonologists
  A cane toad (shapeshifter) (Elf:1)
  18 komodo dragons
  A green draconian zombie (Crypt:1)
  42 yaktaurs
  16 demonic crawlers
  10 rime drakes
  An alligator snapping turtle skeleton (Crypt:1)
  A redback zombie (Crypt:2)
  An iron troll zombie (Crypt:2)
  2 red devils
  2 ice devils (Lair:6)
  An iron troll skeleton (Crypt:1)
  36 jumping spiders
  11 tyrant leeches
  7 trolls
  8 freezing wraiths
  6 polar bears
  3 meliai (Spider:4)
  A death yak skeleton (Crypt:2)
  A queen bee (shapeshifter) (Vaults:2)
  23 hornets
  42 saltlings (Desolation)
  A polar bear (shapeshifter) (Vaults:1)
  30 blink frogs
  46 slime creatures
  14 bog bodies
  A fire giant simulacrum (Vaults:4)
  A redback (shapeshifter) (Vaults:5)
  96 redbacks
  A frost giant simulacrum (Vaults:5)
  A spriggan (shapeshifter) (Vaults:2)
  6 spriggans
  Sigmund (D:4)
  2 air elementals (Elf:3)
  2 ettin skeletons
  6 shadows
  26 tarantellas
  6 water elementals
  7 wraiths
  A meliai zombie (D:12)
  3 fire elementals
  8 wyverns
  35 yaks
  9 basilisks
  A golden eye (shapeshifter) (Vaults:3)
  A basilisk (shapeshifter) (Vaults:4)
  3 hogs (Spider:1)
  Eustachio (D:5)
  24 vampire mosquitoes
  11 wargs
  12 insubstantial wisps
  A naga (shapeshifter) (Vaults:5)
  13 swamp worms
  4 soldier ants (Lair:3)
  5 hell hounds
  12 water moccasins
  3 sky beasts
  A water nymph skeleton (Crypt:2)
  7 swamp drakes
  2 black bears
  65 orc warriors
  An eye of draining (D:13)
  2 phantoms
  A torturous demonspawn skeleton (Crypt:3)
  9 ice beasts
  A sky beast (shapeshifter) (Vaults:4)
  A meliai simulacrum (D:15)
  41 ogres
  7 necrophages
  A small abomination (Swamp:4)
  23 wolves
  13 centaurs
  A hog zombie (Crypt:3)
  An ogre (shapeshifter) (Vaults:5)
  4 big kobolds
  2 elf skeletons
  A lemure (D:9)
  Blork the orc (D:5)
  A yaktaur zombie (Crypt:2)
  16 bullfrogs
  An ogre simulacrum (Vaults:1)
  A cyclops zombie (Crypt:3)
  A glowing shapeshifter simulacrum (Vaults:4)
  3 human skeletons
  An earth elemental (Elf:3)
  A wyvern skeleton (D:14)
  A scorpion (D:12)
  2 water moccasin skeletons
  A spriggan zombie (Crypt:2)
  10 killer bees
  8 wights
  4 howler monkeys
  6 electric eels
  A quasit (D:11)
  A basilisk zombie (Crypt:2)
  7 hounds
  5 jellies
  38 orc priests
  Crazy Yiuf (D:4)
  8 iron imps (Crypt:1)
  4 bullfrog skeletons
  2 centaur skeletons
  Terence (D:3)
  Natasha (D:3)
  An iguana (D:7)
  37 orc wizards
  33 worker ants
  An acid dragon zombie (Crypt:1)
  A demigod zombie (Crypt:2)
  A felid skeleton (Crypt:2)
  A naga skeleton (Crypt:2)
  An acid dragon skeleton (Crypt:3)
  A hound zombie (D:6)
  A hound skeleton (D:10)
  3 mummies
  10 gnolls
  A howler monkey skeleton (D:10)
  9 adders
  A shadow imp (D:9)
  4 white imps
  An ooze (D:3)
  An iguana zombie (Crypt:3)
  A lava snake zombie (Crypt:1)
  3 adder skeletons
  A halfling skeleton (Crypt:1)
  2 worms
  A barachi skeleton (Crypt:1)
  A dart slug (D:1)
  7 leopard geckos
  108 orcs
  2 giant cockroaches
  11 goblins
  10 hobgoblins
  45 kobolds
  3 quokkas
  8 bats
  4 frilled lizards
  3 hobgoblin zombies (D:7)
  2 jackal skeletons
  A kobold zombie (D:7)
  2 leopard gecko skeletons (D:4)
  4 rats (D:3)
  8 briar patches
2091 creatures vanquished.

Vanquished Creatures (others)
  The ghost of Util the Axe Maniac, a veteran MiBe of Trog (Crypt:3)
  An eidolon (Crypt:1)
  A thrashing horror (Swamp:4)
  An orc knight (Vaults:1)
  A demonic crawler (Spider:4)
  A briar patch (Swamp:2)
  A bush (Lair:6)
  57 fungi
  88 plants
152 creatures vanquished.

Grand Total: 2243 creatures vanquished

Notes
Turn   | Place    | Note
-------+----------+-------------------------------------------
     0 | D:1      | Birvald the Gargoyle Earth Elementalist began the quest for
                  | the Orb.
     0 | D:1      | Reached XP level 1. HP: 10/10 MP: 3/3
    62 | D:1      | Reached XP level 2. HP: 15/15 MP: 1/5
   612 | D:1      | Reached XP level 3. HP: 19/19 MP: 6/6
   617 | D:1      | Learned a level 3 spell: Stone Arrow
  1293 | D:2      | Reached skill level 1 in Conjurations
  1303 | D:2      | Reached XP level 4. HP: 20/24 MP: 2/8
  1591 | D:2      | Reached skill level 5 in Earth Magic
  1597 | D:2      | Reached XP level 5. HP: 25/28 MP: 6/9
  2182 | D:2      | Learned a level 5 spell: Lee's Rapid Deconstruction
  2332 | D:3      | Noticed Terence
  2337 | D:3      | Killed Terence
  2392 | D:3      | Found a burning altar of Makhleb.
  2495 | D:3      | Reached XP level 6. HP: 26/32 MP: 11/11
  2599 | D:3      | Found an iron altar of Okawaru.
  2600 | D:3      | Found a basalt altar of Yredelemnul.
  2813 | D:3      | Noticed Natasha
  2818 | D:3      | Killed Natasha
  2880 | D:3      | Found a sacrificial altar of Ru.
  3122 | D:4      | Found Ecalicw's Gadget Shoppe.
  3137 | D:4      | Noticed a shadow
  3138 | D:4      | Found a shadowy altar of Dithmenos.
  3139 | D:4      | Found a hazy altar of Hepliaklqana.
  3299 | D:4      | Noticed a black bear
  3308 | D:4      | Killed a black bear
  3308 | D:4      | Reached XP level 7. HP: 9/36 MP: 11/13
  3623 | D:4      | Noticed Sigmund
  3628 | D:4      | Killed Sigmund
  3750 | D:4      | Found a runed translucent door.
  3751 | D:4      | Noticed Crazy Yiuf
  3757 | D:4      | Killed Crazy Yiuf
  4103 | D:5      | Entered Level 5 of the Dungeon
  4104 | D:5      | Noticed Eustachio
  4112 | D:5      | Killed Eustachio
  4112 | D:5      | Reached skill level 5 in Spellcasting
  4112 | D:5      | Reached XP level 8. HP: 41/41 MP: 5/15
  4115 | D:5      | Reached skill level 5 in Conjurations
  4326 | D:5      | Found a staircase to the Ecumenical Temple.
  4336 | Temple   | Entered the Ecumenical Temple
  4604 | D:5      | Noticed Blork the orc
  4609 | D:5      | Killed Blork the orc
  4785 | D:5      | Learned a level 2 spell: Passwall
  4900 | D:5      | You fall into a shaft and drop 1 floor!
  5076 | D:5      | Found an ornate altar of the Wu Jian Council.
  5078 | D:5      | Found a white marble altar of Elyvilon.
  5084 | D:5      | Found a glowing silver altar of Zin.
  5084 | D:5      | Found a shimmering altar of Xom.
  5084 | D:5      | Found a burning altar of Makhleb.
  5084 | D:5      | Found a hide-covered altar of Uskayaw.
  5088 | D:5      | Found a radiant altar of Vehumet.
  5096 | D:5      | Became a worshipper of Vehumet
  5131 | D:5      | Reached skill level 1 in Armour
  5315 | D:6      | Reached skill level 1 in Fighting
  5315 | D:6      | Reached skill level 1 in Maces & Flails
  5318 | D:6      | Reached skill level 1 in Evocations
  5634 | D:6      | Reached XP level 9. HP: 48/48 MP: 14/17
  6724 | D:7      | Reached * piety under Vehumet
  6724 | D:7      | Offered knowledge of Foxfire by Vehumet.
  7770 | D:8      | Found a flagged portal.
  7778 | Bailey   | Entered a bailey
  7784 | Bailey   | Noticed an orc knight
  7794 | Bailey   | Noticed an orc knight
  7818 | Bailey   | Reached XP level 10. HP: 51/56 MP: 3/19
  7898 | Bailey   | Reached ** piety under Vehumet
  7898 | Bailey   | Offered knowledge of Shock by Vehumet.
  8386 | Bailey   | Killed an orc knight
  8742 | Bailey   | Killed an orc knight
  9097 | D:8      | Noticed Gastronok
  9157 | D:8      | Killed Gastronok
  9285 | D:8      | Reached skill level 5 in Fighting
  9285 | D:8      | Reached XP level 11. HP: 30/63 MP: 8/21
  9374 | D:8      | Found a staircase to the Lair.
  9383 | D:8      | Reached skill level 5 in Armour
  9556 | D:8      | Offered knowledge of Searing Ray by Vehumet.
  9684 | D:8      | Reached *** piety under Vehumet
 10097 | D:9      | Found a broken altar of Ashenzari.
 10140 | D:9      | Noticed a cyclops
 10177 | D:9      | Killed a cyclops
 10489 | D:9      | Noticed Pikel
 10494 | D:9      | Killed Pikel
 10494 | D:9      | Offered knowledge of Inner Flame by Vehumet.
 10756 | D:9      | Noticed Erolcha
 10763 | D:9      | Killed Erolcha
 10763 | D:9      | Reached skill level 5 in Maces & Flails
 11117 | D:10     | Entered Level 10 of the Dungeon
 11343 | D:10     | Noticed a two-headed ogre
 11368 | D:10     | Killed a two-headed ogre
 11368 | D:10     | Reached skill level 10 in Earth Magic
 11374 | D:10     | Reached skill level 5 in Dodging
 11383 | D:10     | Reached **** piety under Vehumet
 11529 | D:10     | Killed an unseen horror
 11828 | D:10     | Noticed a white ugly thing
 11832 | D:10     | Noticed a two-headed ogre
 11835 | D:10     | Killed a two-headed ogre
 11835 | D:10     | Offered knowledge of Ignite Poison by Vehumet.
 11835 | D:10     | Reached skill level 5 in Evocations
 11837 | D:10     | Killed a white ugly thing
 11853 | D:10     | Reached XP level 12. HP: 37/70 MP: 13/23
 11984 | D:10     | Noticed a fire dragon
 12152 | D:10     | Killed a fire dragon
 12332 | D:10     | Found Bawkefia's Magic Scroll Shop.
 12340 | D:10     | Bought 3 scrolls of identify for 96 gold pieces
 12340 | D:10     | Bought a scroll of identify for 32 gold pieces
 12340 | D:10     | Bought a scroll of identify for 32 gold pieces
 12341 | D:10     | Gained mutation: Your muscles are strong. (Str +2) [potion
                  | of mutation]
 12341 | D:10     | Gained mutation: You occasionally shout uncontrollably at
                  | your foes. [potion of mutation]
 12341 | D:10     | Gained mutation: Your mind is acute. (Int +2) [potion of
                  | mutation]
 12930 | D:11     | Found a staircase to the Orcish Mines.
 13108 | D:11     | Noticed a boulder beetle
 13123 | D:11     | Killed a boulder beetle
 13457 | D:11     | Reached ***** piety under Vehumet
 13457 | D:11     | Offered knowledge of Iron Shot by Vehumet.
 13476 | D:11     | Noticed a two-headed ogre
 13480 | D:11     | Killed a two-headed ogre
 13539 | D:11     | Learned a level 6 spell: Iron Shot
 13671 | D:11     | Noticed a two-headed ogre
 13676 | D:11     | Killed a two-headed ogre
 13677 | D:11     | Identified the Almanac of the Ass
 13742 | D:11     | Noticed a four-headed hydra
 13747 | D:11     | Killed a four-headed hydra
 14047 | D:12     | Noticed a boulder beetle
 14196 | D:12     | Killed a boulder beetle
 14348 | D:12     | Learned a level 5 spell: Bolt of Magma
 14348 | D:12     | Noticed Vykige's ghost (journeyman DDFi)
 14425 | D:12     | Reached XP level 13. HP: 69/76 MP: 25/25
 14471 | D:12     | Reached skill level 1 in Fire Magic
 14543 | D:12     | Found a runed translucent door.
 14664 | D:13     | Noticed Urug
 15108 | D:13     | Found a radiant altar of Vehumet.
 15295 | D:13     | Killed Urug
 15541 | D:13     | Found a gate to the Vaults.
 15867 | D:14     | Identified a scroll of acquirement
 15867 | D:14     | Acquired the ring "Quhish" {rF+ MR+ Int+6 SInv Stlth+}
 15878 | D:14     | Noticed a rakshasa
 15881 | D:14     | Killed a rakshasa
 15881 | D:14     | Reached skill level 10 in Conjurations
 16616 | D:14     | Offered knowledge of Hailstorm by Vehumet.
 16630 | D:14     | Found a roughly hewn altar of Beogh.
 17090 | Lair:1   | Entered Level 1 of the Lair of Beasts
 17194 | Lair:1   | Found a dark tunnel.
 17204 | Volcano  | Entered a volcano
 17258 | Volcano  | Found a burning altar of Makhleb.
 17636 | Lair:1   | Reached skill level 5 in Fire Magic
 18161 | Lair:1   | Gained mutation: Your large and strong wings let you fly
                  | indefinitely. [Gargoyle growth]
 18161 | Lair:1   | Reached XP level 14. HP: 65/84 MP: 17/27
 20503 | Lair:3   | Offered knowledge of Ozocubu's Refrigeration by Vehumet.
 20708 | Lair:3   | Lost mutation: You occasionally shout uncontrollably at
                  | your foes. [potion of mutation]
 20708 | Lair:3   | Lost mutation: Your muscles are strong. (Str +2) [potion of
                  | mutation]
 20708 | Lair:3   | Lost mutation: Your mind is acute. (Int +2) [potion of
                  | mutation]
 20708 | Lair:3   | Gained mutation: You are somewhat resistant to further
                  | mutation. [potion of mutation]
 21313 | Lair:4   | Found a hole to the Spider Nest.
 21498 | Lair:4   | Found a frozen archway.
 21513 | IceCv    | Entered an ice cave
 21601 | IceCv    | Found a transporter.
 21659 | IceCv    | Found a transporter.
 22645 | Lair:4   | Found a staircase to the Swamp.
 23153 | Lair:5   | Offered knowledge of Yara's Violent Unravelling by Vehumet.
 23395 | Lair:5   | Reached XP level 15. HP: 91/91 MP: 12/28
 23737 | Lair:5   | Found a viscous altar of Jiyva.
 23737 | Lair:5   | Found a staircase to the Slime Pits.
 23809 | Lair:5   | Noticed Sonja
 23813 | Lair:5   | Killed Sonja
 24116 | Lair:6   | Entered Level 6 of the Lair of Beasts
 24116 | Lair:6   | Found a hide-covered altar of Uskayaw.
 24432 | Lair:6   | Reached skill level 10 in Spellcasting
 24872 | Lair:6   | Found a burning altar of Makhleb.
 24994 | Lair:6   | Found a gateway to Hell.
 25656 | Lair:6   | Noticed Rupert
 25679 | Lair:6   | Killed Rupert
 25679 | Lair:6   | Reached skill level 10 in Fighting
 25851 | Lair:6   | Offered knowledge of Lightning Bolt by Vehumet.
 27180 | Orc:1    | Entered Level 1 of the Orcish Mines
 27188 | Orc:1    | Noticed an orc warlord
 27203 | Orc:1    | Killed an orc warlord
 27424 | Orc:2    | Entered Level 2 of the Orcish Mines
 27424 | Orc:2    | Noticed Donald
 27448 | Orc:1    | Killed Donald
 28103 | Orc:2    | Found a staircase to the Elven Halls.
 28306 | Orc:1    | Found an iron altar of Okawaru.
 28446 | Orc:1    | Reached XP level 16. HP: 97/97 MP: 2/30
 28879 | Orc:1    | Offered knowledge of Starburst by Vehumet.
 28887 | Orc:1    | Learned a level 6 spell: Starburst
 29136 | Orc:2    | Reached ****** piety under Vehumet
 29141 | Orc:2    | Found Hiveityt's Book Shop.
 29141 | Orc:2    | Found Faynereg's General Store.
 29141 | Orc:2    | Found Xyaphuezi's Book Boutique.
 29182 | Orc:2    | Found Dismiomp's Antique Armour Shop.
 29212 | Orc:2    | Bought a scroll of identify for 34 gold pieces
 29212 | Orc:2    | Bought a scroll of teleportation for 51 gold pieces
 29212 | Orc:2    | Bought a scroll of identify for 34 gold pieces
 29212 | Orc:2    | Bought a potion of curing for 51 gold pieces
 29582 | D:15     | Entered Level 15 of the Dungeon
 30319 | D:15     | Found a staircase to the Depths.
 30850 | D:15     | Found a glowing golden altar of the Shining One.
 31468 | Spider:1 | Entered Level 1 of the Spider Nest
 31601 | Spider:1 | Reached skill level 10 in Fire Magic
 31768 | Spider:1 | Reached skill level 10 in Maces & Flails
 32285 | Spider:1 | Offered knowledge of Chain Lightning by Vehumet.
 34356 | Spider:3 | Reached XP level 17. HP: 61/104 MP: 24/31
 36248 | Spider:4 | Entered Level 4 of the Spider Nest
 36363 | Swamp:1  | Entered Level 1 of the Swamp
 36648 | Orc:2    | Bought the Incunabulum of Fire and the Rocks for 1035 gold
                  | pieces
 36657 | Orc:2    | Learned a level 8 spell: Ignition
 38118 | Swamp:2  | Offered knowledge of Lehudib's Crystal Spear by Vehumet.
 38118 | Swamp:2  | Offered knowledge of Shatter by Vehumet.
 38118 | Swamp:2  | Offered knowledge of Tornado by Vehumet.
 38411 | Swamp:2  | Noticed Aizul
 38436 | Swamp:2  | Killed Aizul
 38857 | Swamp:2  | You are sucked into a shaft and drop 1 floor!
 39031 | Swamp:2  | Noticed Jorgrun
 39041 | Swamp:2  | Killed Jorgrun
 40211 | Swamp:3  | Found a runed translucent door.
 40220 | Swamp:3  | Noticed fritzmikael's ghost (journeyman TeFi)
 40227 | Swamp:3  | Killed fritzmikael's ghost
 40233 | Swamp:3  | Identified the Almanac of Earthen Confrontation
 40235 | Swamp:3  | Identified Sif Muna's Almanac of Dusty Fire
 40975 | Swamp:4  | Entered Level 4 of the Swamp
 40995 | Swamp:4  | Reached XP level 18. HP: 68/111 MP: 30/33
 42922 | Swamp:4  | Got a decaying rune of Zot
 43185 | Spider:4 | Noticed Bai Suzhen
 43306 | Spider:4 | Killed Bai Suzhen
 44207 | Spider:4 | Reached XP level 19. HP: 116/116 MP: 17/34
 45173 | Spider:4 | Got a gossamer rune of Zot
 45561 | Vaults:1 | Entered Level 1 of the Vaults
 45564 | Vaults:1 | Reached skill level 15 in Fire Magic
 45818 | Vaults:1 | Got a pair of shimmering gloves
 45829 | Vaults:1 | Identified the +1 pair of gloves of Yrois {rF+} (You found
                  | it on level 1 of the Vaults)
 45910 | Vaults:1 | Reached skill level 10 in Dodging
 46374 | Vaults:1 | Reached skill level 15 in Earth Magic
 47507 | Vaults:2 | Noticed Nikola
 47514 | Vaults:1 | Killed Nikola
 47855 | Vaults:2 | Reached skill level 10 in Evocations
 47857 | Vaults:2 | Noticed Xtahua
 48201 | Vaults:2 | Reached XP level 20. HP: 123/123 MP: 27/36
 48334 | Vaults:2 | Killed Xtahua
 49568 | Vaults:2 | Found a staircase to the Crypt.
 51088 | Vaults:3 | Reached XP level 21. HP: 127/129 MP: 20/37
 51261 | Vaults:3 | Noticed Mara
 51337 | Vaults:3 | Noticed Birvald's illusion
 51664 | Vaults:3 | Killed Mara
 52107 | D:10     | Bought a scroll of enchant weapon for 120 gold pieces
 52107 | D:10     | Bought a scroll of magic mapping for 56 gold pieces
 52107 | D:10     | Bought a scroll of magic mapping for 56 gold pieces
 52436 | Vaults:4 | Noticed Frederick
 52441 | Vaults:4 | Killed Frederick
 54011 | Vaults:5 | Entered Level 5 of the Vaults
 54013 | Vaults:5 | Reached XP level 22. HP: 136/136 MP: 39/39
 54013 | Vaults:5 | Reached skill level 15 in Conjurations
 54254 | Elf:1    | Entered Level 1 of the Elven Halls
 54279 | Elf:1    | Found a ruined gateway.
 54291 | Desolati | Entered the Desolation of Salt
 54312 | Desolati | Learned a level 9 spell: Shatter
 54545 | Desolati | Identified the +0 leather armour of Zuasal {rElec} (You
                  | found it in the Desolation of Salt)
 54553 | Desolati | Got a heavily runed bone ring
 54554 | Desolati | Identified the ring of the Coward {rN+ Int+6 Dex+2 SInv}
                  | (You found it in the Desolation of Salt)
 54716 | Desolati | Identified the ring "Wicviah" {MR- EV+4 Str-4 Int+8 Slay+4}
                  | (You found it in the Desolation of Salt)
 54972 | Desolati | Got a brightly glowing marble ring
 54973 | Desolati | Identified the ring "Isus" {rPois MR+ Dex+5} (You found it
                  | in the Desolation of Salt)
 54982 | Desolati | Identified the Volume of Conjuration and Darkness
 55390 | Elf:1    | Found Typa's Book Shop.
 56833 | Elf:2    | Found Fost's Magic Scroll Shoppe.
 56841 | Elf:2    | Bought a scroll of identify for 22 gold pieces
 56841 | Elf:2    | Bought a scroll of summoning for 104 gold pieces
 56841 | Elf:2    | Bought a scroll of identify for 22 gold pieces
 56841 | Elf:2    | Bought a scroll of identify for 22 gold pieces
 56946 | Elf:2    | Found a runed translucent gate.
 56946 | Elf:2    | Found a runed translucent gate.
 56946 | Elf:2    | Found a runed translucent gate.
 57346 | Elf:2    | Found a roughly hewn altar of Beogh.
 57519 | Elf:3    | Entered Level 3 of the Elven Halls
 57642 | Elf:3    | Found a gateway to a bazaar.
 57651 | Bazaar   | Entered a bazaar
 57710 | Bazaar   | Found Wiczisk's Armour Shop.
 57723 | Bazaar   | Found Vole's Distillery.
 57723 | Bazaar   | Found Mewabel's Assorted Antiques.
 57750 | Bazaar   | Found Yduypatt's Book Shop.
 57795 | Bazaar   | Bought a potion of curing for 102 gold pieces
 57795 | Bazaar   | Bought a scroll of identify for 68 gold pieces
 57795 | Bazaar   | Bought a scroll of identify for 68 gold pieces
 57801 | Bazaar   | Bought 2 potions of cancellation for 256 gold pieces
 57801 | Bazaar   | Bought a potion of haste for 160 gold pieces
 57801 | Bazaar   | Bought a potion of haste for 160 gold pieces
 57801 | Bazaar   | Bought a potion of magic for 128 gold pieces
 57801 | Bazaar   | Bought a potion of heal wounds for 80 gold pieces
 57801 | Bazaar   | Bought a potion of cancellation for 128 gold pieces
 57933 | Elf:3    | Upgraded the game from 0.26-a0-663-g36e8fdb655 to
                  | 0.26-a0-664-gc8b27b8fc1
 58062 | Elf:3    | Reached XP level 23. HP: 134/142 MP: 25/40
 58813 | Elf:3    | Found a shimmering blue altar of Sif Muna.
 59357 | Elf:3    | Identified the ring "Xecenim" {Ice *Slow rElec Dex+4}
 59657 | Elf:3    | Identified the +4 morningstar of Nelyiq {vorpal, Dex+7}
 59657 | Elf:3    | Identified the +1 leather armour of the Five Runes {Int+2}
 59763 | Elf:3    | Identified the Almanac of Translocation
 59777 | Elf:3    | Got a transparent bone ring
 59778 | Elf:3    | Identified the ring of Foingit {*Tele rElec Str+8 Slay-3
                  | Stlth+} (You found it on level 3 of the Elven Halls)
 60093 | Elf:3    | Identified the +6 trident "Rehaxajus" {drain, Stlth+}
 60455 | Elf:3    | Found a shimmering blue altar of Sif Muna.
 61296 | Vaults:5 | Reached XP level 24. HP: 114/149 MP: 11/40
 61726 | Vaults:5 | Reached skill level 15 in Fighting
 62287 | Vaults:5 | Identified the +10 short sword of the Lurker {vorpal, +Inv
                  | rC+ rN++ Int+4}
 62676 | Vaults:5 | Identified the Almanac of Freezing Translocation
 62683 | Vaults:5 | Identified the Handbook of Cankerous Transmigration
 62998 | Vaults:5 | Got a bound turquoise ring
 62999 | Vaults:5 | Identified the ring of Uracos {rF+ MR+ Str+6 Int+7} (You
                  | found it on level 5 of the Vaults)
 63012 | Vaults:5 | Identified the Handbook of Enchantment
 63101 | Vaults:5 | Identified the Collected Works on Gliding Sinister Rites
 63141 | Vaults:5 | Learned a level 9 spell: Fire Storm
 63320 | Vaults:5 | Got a silver rune of Zot
 63798 | Crypt:1  | Entered Level 1 of the Crypt
 64170 | Crypt:1  | Noticed Boris
 64175 | Crypt:1  | Noticed Khufu
 64385 | Crypt:1  | Killed Boris
 64386 | Crypt:1  | Noticed a greater mummy
 64552 | Crypt:1  | Killed a greater mummy
 64553 | Crypt:1  | Killed Khufu
 64577 | Crypt:1  | Noticed Margery
 64583 | Crypt:1  | Killed Margery
 64869 | Crypt:1  | Found an ancient bone altar of Kikubaaqudgha.
 65418 | Crypt:2  | Reached XP level 25. HP: 156/156 MP: 25/41
 66602 | Crypt:3  | Entered Level 3 of the Crypt
 66802 | Crypt:3  | Found a runed translucent gate.
 66802 | Crypt:3  | Noticed Xucumn's ghost (veteran GrFi)
 66803 | Crypt:3  | Found a runed translucent gate.
 66803 | Crypt:3  | Noticed Zaowoih's ghost (veteran GrFi)
 66804 | Crypt:3  | Found a runed translucent gate.
 66804 | Crypt:3  | Noticed Juwkui's ghost (veteran MiBe)
 66804 | Crypt:3  | Noticed Util's ghost (veteran MiBe)
 66806 | Crypt:3  | Noticed Zaowoih's ghost (veteran GrFi)
 66810 | Crypt:3  | Found the +8 Wrath of Trog {antimagic, *Rage}
 66824 | Crypt:3  | Killed Util's ghost
 67221 | Crypt:2  | Mangled by Juwkui's ghost

Illustrated notes

Levels and vault maps discovered:
D:1:      evilmike_arrival_hilbert_curve, layout_basic
D:2:      layout_rooms, minmay_bisected
D:3:      layout_basic, hangedman_ru_absence, gammafunk_temple_overflow_statue,
          bloody_makhleb, uniq_natasha, uniq_terence
D:4:      black_bear_nest_2, layout_basic, riverfiend_overflow_shadow_ancestor,
          serial_shops, nicolae_shop_behind_doors, uniq_crazy_yiuf_cottage,
          uniq_sigmund
D:5:      layout_basic, minitemple, minmay_temple_entry_junction_2,
          serial_glass, glass_columns_c, glass_columns_a, glass_columns_a,
          glass_columns_c, glass_columns_c, glass_columns_a, glass_columns_a,
          glass_columns_b, glass_columns_a, glass_columns_a, glass_columns_a,
          glass_columns_b, glass_columns_c, glass_columns_a, item_on_display_a,
          uniq_blork_the_orc, uniq_eustachio
D:6:      layout_basic
D:7:      layout_loops_ring, minmay_misc_feat_five, minmay_mini_ossuary
D:8:      layout_loops_ring, grunt_lair_entry_orc_guard_hut, enter_bailey_2,
          uniq_gastronok
D:9:      cheibrodos_iron_armory, layout_irregular_city,
          overflow_temple_1_default, uniq_erolcha, uniq_pikel
D:10:     hangedman_cross_veins, layout_irregular_city, serial_shops, shop,
          minmay_fractal_squares_5
D:11:     layout_loops_ring, orc_0_dummy, minivault_25_ag
D:12:     layout_cave_pools, serial_park, serial_park_square1
          [serial_park_minivault_5x5_4], hellmonk_ghost_happy_afterlife
D:13:     layout_gridville, erik_vaults_1, lemuel_statue_altar, uniq_urug
D:14:     layout_loops_ring, special_room [special_room_orc]
D:15:     hangedman_depths_entry_civil_slaughter, layout_loops_corners,
          nicolae_tso_carved_into_rock
Temple:   nicolae_temple_figure_zero
Lair:1:   layout_roguey, nicolae_volcano_entry_hallway
Lair:2:   cheibrodos_lair_overgrown_chateau, layout_layer_cave,
          serial_bayou_shore_a
Lair:3:   layout_chaotic_city, serial_rivers, chequers_serial_rivers_small_b,
          chequers_serial_rivers_small_3, chequers_serial_rivers_room_b,
          chequers_serial_rivers_marsh, chequers_serial_rivers_micro_a,
          minmay_another_anthill, infiniplex_staircase_pool
Lair:4:   layout_roguey, skrybe_swamp_entry_bodies, dummy_spider_entry,
          portal_ice_cave_rime, nicolae_lair_grove_arrangements,
          nicolae_quartered_pool_super
Lair:5:   nzn_motion_control, layout_loops_ring, slime_altar_1, uniq_sonja
Lair:6:   evil_forest, layout_cave_pods, basic_altar,
          chequers_serial_rivers_micro_a, wad_woods_03, uniq_rupert
Swamp:1:  layout_basic_swamp, nicolae_swamp_treefoil
Swamp:2:  layout_basic_swamp, serial_swamp_ruin, evilmike_swamp_ruin_rubble_1,
          evilmike_swamp_ruin_wall, evilmike_swamp_ruin_rubble_2, swamp_pool2,
          nicolae_swamp_hydra_murder_den, uniq_jorgrun, uniq_aizul
Swamp:3:  layout_falls_marsh, ebering_ghost_reflecting_pool,
          hangedman_swamp_ruin_hall
Swamp:4:  swamp_vile, layout_basic_swamp, swamp_pool4
Spider:1: layout_spider_delve, hangedman_spider_tarantella_strand, uniq_kirke
Spider:2: layout_spider_delve
Spider:3: layout_chambers
Spider:4: guppyfry_spider_rune, uniq_bai_suzhen
Orc:1:    layout_diamond_mine, okawaru_metal_pillars_1_2
Orc:2:    st_orc_mages, layout_diamond_mine, uniq_donald
Elf:1:    minmay_elf_arrival_plus, layout_geoelf_grid, serial_shops, shop,
          portal_desolation_entry_twin_temple, minivault_28
Elf:2:    layout_geoelf_octagon, special_room [special_room_orc], serial_shops,
          nicolae_shop_trees, grunt_ministairs_11, sword_in_stone
Elf:3:    minmay_elf_hall_curves, layout_onion_city, serial_shops, statue_bzr,
          tgw_sif
Vaults:1: vaults_mumra_minichess, nicolae_vaults_circle_grid_b,
          nicolae_vaults_what_the_h, v_rooms_3, nicolae_vaults_little_squares_1,
          ontoclasm_vaults_ligature, nicolae_vaults_gold_heap,
          layout_vaults_omnigrid
Vaults:2: hangedman_vaults_corner_blocks, minmay_crypt_entry_skeletal_spiral,
          vaults_room_corners, nicolae_vaults_shelves_hall, v_misc_2,
          grunt_vaults_focal, vaults_standard_mumra_lines, v_misc_22,
          vaults_mumra_minichess_inversion, nicolae_vaults_little_squares_5,
          ontoclasm_vaults_decontamination, ontoclasm_vaults_fault,
          layout_vaults_maze_snakey, uniq_xtahua, uniq_nikola
Vaults:3: hangedman_vaults_impose, hangedman_vaults_nodes, vaults_mumra_hex,
          nicolae_vaults_little_squares_3, nicolae_vaults_little_squares_2,
          nicolae_vaults_diagonal_hallway_7, nicolae_vaults_network_quinsquares
          [nicolae_vaults_network_quincunx_subvault,
          nicolae_vaults_network_quincunx_subvault,
          nicolae_vaults_network_quincunx_subvault,
          nicolae_vaults_network_quincunx_subvault], layout_vaults_big_room,
          uniq_mara
Vaults:4: v_rooms_5, ontoclasm_vaults_idyll, hangedman_vaults_unwind,
          hangedman_vaults_nails, nicolae_vaults_stairing_the_circle,
          vaults_standard_mumra_x, grunt_vaults_twisty, vaults_room_door_ring,
          v_misc_13, nicolae_vaults_little_squares_6, vaults_room_semicircle,
          vaults_room_guarded_vault, layout_vaults_ring, uniq_frederick
Vaults:5: serial_shops
Crypt:1:  layout_chaotic_city, serial_sigils_hangedman_shear,
          lemuel_hellish_altar, uniq_boris, uniq_khufu, uniq_margery
Crypt:2:  layout_rooms, moated_statue, serial_sigils_hangedman_quiver,
          feat_on_display, grunt_megastairs_2
Crypt:3:  due_elkab, layout_chaotic_city, tomb_entry_shell_bobbens,
          gammafunk_ghost_cemetery

Skill      XL: |  1  2  3  4  5  6  7  8  9 10 11 12 13 14 15 16 17 18 19 20 21 22 23 24 25 |
---------------+----------------------------------------------------------------------------+-----
Earth Magic    | 4 5 6 7 8 9 10 11 12 13 14 15 16 19 20 | 20.4
Conjurations   | 1 2 3 4 6 7 8 9 10 11 12 13 14 15 16 | 16.6
Spellcasting   | 3 4 5 6 7 8 9 10 11 12 13 14 | 14.6
Armour         | 2 3 4 6 |  6.0
Fighting       | 1 3 5 6 7 8 9 10 11 12 13 14 15 | 15.8
Maces & Flails | 1 3 4 5 7 8 9 10 11 12 13 14 | 14.7
Dodging        | 2 3 4 5 6 7 8 9 10 11 12 13 | 13.8
Evocations     | 1 2 4 5 6 7 8 9 10 | 10.0
Fire Magic     | 5 7 9 10 11 14 16 17 18 19 20 | 20.0
Stealth        | |  2.1
Transmutations | |  0.7

Action                   |  1- 3 |  4- 6 |  7- 9 | 10-12 | 13-15 | 16-18 | 19-21 | 22-24 | 25-27 || total
-------------------------+-------+-------+-------+-------+-------+-------+-------+-------+-------++-------
Melee: Unarmed           |     1 |       |       |       |       |       |       |       |       ||     1
       Dagger            |    54 |   186 |   199 |   352 |   768 |   277 |       |       |       ||  1836
       Morningstar       |       |       |       |       |       |   352 |   222 |       |       ||   574
       Demon whip        |       |       |       |       |       |       |   155 |   476 |    96 ||   727
 Cast: Sandblast         |    14 |    29 |    46 |    60 |    88 |    52 |     5 |       |       ||   294
       Stone Arrow       |       |     2 |    24 |   108 |    51 |     9 |       |     2 |       ||   196
       Passwall          |       |       |     2 |       |       |       |       |       |       ||     2
       Lee's Rapid Decon |       |       |     6 |    34 |    81 |    25 |    71 |    51 |       ||   268
       Iron Shot         |       |       |       |       |   157 |   240 |   140 |   144 |    27 ||   708
       Bolt of Magma     |       |       |       |       |    37 |    11 |     6 |     2 |       ||    56
       Starburst         |       |       |       |       |       |    64 |       |       |       ||    64
       Ignition          |       |       |       |       |       |    17 |    89 |    32 |     9 ||   147
       Shatter           |       |       |       |       |       |       |       |    73 |    21 ||    94
 Abil: Evoke Invisibilit |       |       |       |       |     2 |     4 |       |       |       ||     6
       Fly               |       |       |       |       |     1 |       |       |       |       ||     1
Evoke: Wand              |       |       |     5 |    35 |    12 |     2 |     4 |       |     2 ||    60
       Lightning rod     |       |       |       |    11 |     3 |    10 |     5 |       |       ||    29
       Phial of floods   |       |       |       |     1 |       |     1 |       |       |       ||     2
       Condenser vane    |       |       |       |       |     4 |    12 |     2 |       |     1 ||    19
  Use: Scroll            |     6 |    10 |     7 |     7 |    18 |    24 |     8 |    22 |    10 ||   112
       Potion            |       |       |       |    11 |     4 |     9 |     1 |     6 |     3 ||    34
 Stab: Sleeping          |     1 |     6 |     3 |     1 |     8 |     4 |     2 |     4 |       ||    29
       Distracted        |       |       |       |       |     1 |       |       |     3 |     1 ||     5
       Invisible         |       |       |       |       |     5 |     2 |       |       |       ||     7
       Paralysed         |       |       |       |       |       |       |     7 |       |       ||     7
Armor: Robe              |    32 |    47 |    97 |   170 |   401 |   624 |   179 |   209 |    71 ||  1830
Dodge: Dodged            |    57 |   117 |   186 |   375 |  1136 |  1458 |   393 |   314 |    82 ||  4118

Table legend: (Time is in decaauts)
 A = Elapsed time spent in this place.
 B = Non-inter-level travel time spent in this place.
 C = Inter-level travel time spent in this place.
 D = Time resting spent in this place.
 E = Time spent auto-exploring this place.
 F = Levels seen in this place.
 G = Mean time per level.
                   A        B        C        D        E       F      G
               +--------+--------+--------+--------+--------+-----+--------+
         Total |  66965 |  62526 |   4439 |  17868 |  32209 |  48 | 1395.1 |
       Dungeon |  18477 |  16889 |   1588 |   2956 |  10336 |  15 | 1231.8 |
        Temple |    117 |    107 |     10 |      0 |    107 |   1 |  117.0 |
          Lair |   9826 |   9056 |    770 |   2225 |   5325 |   6 | 1637.7 |
         Swamp |   6106 |   5888 |    218 |   1971 |   3064 |   4 | 1526.5 |
   Spider Nest |   7170 |   6663 |    507 |   2354 |   3138 |   4 | 1792.5 |
  Orcish Mines |   2486 |   2181 |    305 |    737 |    740 |   2 | 1243.0 |
   Elven Halls |   5044 |   4915 |    129 |    810 |   2992 |   3 | 1681.3 |
        Vaults |  11949 |  11077 |    872 |   4006 |   5200 |   5 | 2389.8 |
         Crypt |   2703 |   2665 |     38 |   1199 |   1043 |   3 |  901.0 |
        Bazaar |    184 |    184 |      0 |      0 |    115 |   1 |  184.0 |
        Bailey |   1276 |   1276 |      0 |    698 |    138 |   1 | 1276.0 |
      Ice Cave |    228 |    228 |      0 |     77 |      0 |   1 |  228.0 |
       Volcano |    387 |    387 |      0 |    201 |      0 |   1 |  387.0 |
    Desolation |   1003 |   1003 |      0 |    633 |     11 |   1 | 1003.0 |
               +--------+--------+--------+--------+--------+-----+--------+

Top non-repeatable levels by time:
Vaults:2: 3026 daAuts
   Elf:3: 2880 daAuts
  Lair:6: 2734 daAuts
Vaults:4: 2725 daAuts
Vaults:1: 2302 daAuts
Spider:3: 2206 daAuts
Vaults:3: 2204 daAuts
Spider:4: 2046 daAuts
  Lair:4: 1908 daAuts
  Lair:2: 1890 daAuts
    D:11: 1865 daAuts
Spider:1: 1813 daAuts
 Swamp:3: 1767 daAuts
 Swamp:2: 1712 daAuts
Vaults:5: 1691 daAuts
